 Dungeon Crawl Stone Soup version 0.30.1-11-g7821555f0a (webtiles) character file.

Game seed: 9760797037969278016

16 KittyFluff the Trooper (level 2, -6/19 HPs)
             Began as a Gargoyle Berserker on Nov 7, 2023.
             Was a Follower of Trog.
             Mangled by Terence
             ... wielding a +2 falchion of protection
              (10 damage)
             ... on level 2 of the Dungeon.
             The game lasted 00:04:28 (1233 turns).

KittyFluff the Trooper (Gargoyle Berserker)         Turns: 1233, Time: 00:04:28

Health: -6/19      AC:  6    Str: 20    XL:     2   Next: 54%
Magic:  2/2        EV:  9    Int:  7    God:    Trog [*.....]
Gold:   44         SH:  0    Dex:  9    Spells: 1/1 levels left

rFire   . . .        a - +0 mace
rCold   . . .        (no shield)
rNeg    + . .        b - +0 animal skin
rPois   ∞            (no helmet)
rElec   +            (no cloak)
rCorr   .            e - +0 pair of gloves
SInv    .            (no boots)
Will    .....        (no amulet)
Stlth   +            (no ring)
HPRegen 0.23/turn    (no ring)
MPRegen 0.08/turn

%: no passive effects
@: constricted
A: sickness immunity, AC +2, negative energy resistance 1, electricity
resistance, torment resistance 1, petrification resistance
a: Renounce Religion, Berserk


You were on level 2 of the Dungeon.
You worshipped Trog.
Trog was aware of your devotion.
You visited 1 branch of the dungeon, and saw 2 of its levels.

You collected 44 gold pieces.

Inventory:

Hand Weapons
 a - a +0 mace (weapon)
 h - a +0 sling of freezing
Armour
 b - a +0 animal skin (worn)
 e - a +0 pair of gloves (worn)
Scrolls
 c - 2 scrolls of poison {unknown}
 d - 2 scrolls of magic mapping {unknown}
Potions
 f - 2 potions of magic {unknown}
 g - a potion of invisibility {unknown}
 i - a potion of mutation {unknown}


   Skills:
 + Level 3.4 Fighting
 * Level 3.3 Maces & Flails
 * Level 2.6 Armour
 + Level 1.7 Dodging


You had one spell level left.
You didn't know any spells.
Your spell library was empty.

Dungeon Overview and Level Annotations

Branches:
Dungeon (2/15)

Altars:

Annotations:
D:2 Terence


Innate Abilities, Weirdness & Mutations

You are immune to sickness and miasma.
Your stone body is resilient. (AC +2)
You are immune to poison.
You resist negative energy. (rN+)
You are resistant to electric shocks. (rElec)
You are resistant to unholy torment.
You are immune to petrification.


Message History

The slug dart hits you but does no damage.
You sock the dart slug!
The dart slug is almost dead.
The dart slug completely misses you.
You hit the dart slug.
The dart slug is almost dead.
The dart slug misses you.
You hit the dart slug.
You kill the dart slug!
Trog accepts your kill.
Terence and a ball python come into view.
Terence is wielding a +2 falchion of protection.
Terence shouts!
Terence says, "You're history."
You hit Terence but do no damage.
Terence hits you with a +2 falchion of protection.
Terence shouts, "Get ready for death!"
Terence hits you with a +2 falchion of protection.
You hit Terence.
Terence is lightly wounded.
Terence misses you.
The ball python bites you but does no damage.
The ball python grabs you. The ball python constricts you.
You closely miss Terence.
Terence is lightly wounded.
Terence barely misses you. The ball python bites you.
The ball python constricts you.
You hit Terence but do no damage.
Terence is lightly wounded.
The ball python barely misses you. The ball python constricts you.
Terence hits you with a +2 falchion of protection.
You hit Terence.
Terence is moderately wounded.
The ball python barely misses you. The ball python constricts you.
Terence hits you with a +2 falchion of protection!
* * * LOW HITPOINT WARNING * * *
The ball python closely misses you. The ball python constricts you.
Terence hits you with a +2 falchion of protection!
Ouch! That really hurt!
You die...

...........#
...........#
.###....#########
+....+....>...
###....#####.###
#......# #.# #+
#......#####'###
###.##...............
+...@S.........†..... .
###.#@...............
..###.#................
......#................
......#................
.......................
.............######'###
.............## #..#
.....##+#.....# ##.##


You could see Terence and a ball python.

Vanquished Creatures
  2 dart slugs
  An endoplasm (D:1)
  A giant cockroach (D:2)
  3 quokkas
  A ball python (D:1)
  2 kobolds (D:1)
  2 rats (D:1)
12 creatures vanquished.

Notes
Turn   | Place    | Note
-------+----------+-------------------------------------------
     0 | D:1      | KittyFluff the Gargoyle Berserker began the quest for the
                  | Orb.
     0 | D:1      | Reached XP level 1. HP: 14/14 MP: 1/1
   364 | D:1      | Reached XP level 2. HP: 19/19 MP: 2/2
  1007 | D:2      | Found a faded altar of an unknown god.
  1007 | D:2      | Noticed an Executioner
  1219 | D:2      | Noticed Terence
  1233 | D:2      | Mangled by Terence

Illustrated notes

Levels and vault maps discovered:
D:1:      saegor_arrival_simple_c, layout_loops_corners, st_stairs_14
D:2:      layout_basic, dreamdust_ecumenical_altar_sealed_demon, basic_altar,
          uniq_sigmund, uniq_terence

Action                     || total
---------------------------++-------
  Melee: Mace              ||    44
 Armour: Animal skin       ||    14
  Dodge: Dodged            ||    24
